 Dungeon Crawl Stone Soup version 0.30-a0-718-geaa24f58ff (webtiles) character file.

Game seed: 12344479235752119644

63 Newt the Shooter (level 4, -2/30 HPs)
             Began as a Kobold Hunter on Jan 25, 2023.
             Slain by Terence
             ... wielding a +0 hand axe
              (8 damage)
             ... on level 3 of the Dungeon.
             The game lasted 00:01:42 (1566 turns).

Newt the Shooter (Kobold Hunter)                    Turns: 1566, Time: 00:01:43

Health: -2/30      AC:  3    Str:  8    XL:     4   Next: 30%
Magic:  4/4        EV: 14    Int: 10    God:
Gold:   128        SH:  0    Dex: 18    Spells: 3/3 levels left

rFire   . . .      SeeInvis .    a - +0 shortbow
rCold   . . .      Faith    .    (shield currently unavailable)
rNeg    . . .      Spirit   .    c - +0 leather armour
rPois   .          Reflect  .    (helmet restricted)
rElec   .          Harm     .    (no cloak)
rCorr   .          Rampage  .    (no gloves)
Will    .....                    (no boots)
Stlth   +++                      (no amulet)
HPRegen 0.25/turn                (no ring)
MPRegen 0.09/turn                (no ring)

@: no status effects
A: small, no large weapons, nightstalker 3, antennae 1, clumsy 1, devolution 1
a: no special abilities


You were on level 3 of the Dungeon.
You visited 1 branch of the dungeon, and saw 3 of its levels.

You collected 128 gold pieces.

Inventory:

Hand Weapons
 a - a +0 shortbow (weapon)
Armour
 c - a +0 leather armour (worn)
Scrolls
 b - 3 scrolls of immolation
 e - 2 scrolls of magic mapping
 f - a scroll of enchant armour
 g - 3 scrolls of teleportation
 i - 2 scrolls of noise {unknown}
 j - a scroll of torment {unknown}
 k - a scroll of identify


   Skills:
 + Level 4.7 Fighting
 - Level 5.3 Ranged Weapons
 - Level 2.4 Dodging
 - Level 1.3 Stealth


You had 3 spell levels left.
You didn't know any spells.
Your spell library contained the following spells:

 Spells                   Type           Power      Damage    Failure   Level
 Cigotuvi's Dreadful Rot  Necr/Pois/Air  0%         N/A       63%         2
 Poisonous Vapours        Pois/Air       0%         N/A       63%         2
 Mephitic Cloud           Conj/Pois/Air  0%         N/A       86%         3


Dungeon Overview and Level Annotations

Branches:
Dungeon (3/15)

Altars:

Annotations:
D:3 Terence


Innate Abilities, Weirdness & Mutations

You are small and have problems with some larger weapons.
You are completely attuned to the shadows.
You have a pair of small antennae on your head.
You are clumsy. (Dex -2)
You have hidden genetic defects.


Message History

Terence closely misses you.
You shoot an arrow.
The arrow hits Terence but does no damage.
Terence is moderately wounded.
Terence hits you with a +0 hand axe.
You shoot an arrow.
The arrow hits Terence but does no damage.
Terence is moderately wounded.
Terence hits you with a +0 hand axe. x2
You shoot an arrow. The arrow closely misses Terence.
Terence closely misses you.
You shoot an arrow. The arrow hits Terence.
Terence is heavily wounded.
Terence hits you with a +0 hand axe.
Okay, then.
You shoot an arrow. The arrow barely misses Terence.
Terence barely misses you. Terence hits you with a +0 hand axe.
You shoot an arrow. The arrow closely misses Terence.
Terence barely misses you.
You shoot an arrow. The arrow hits Terence.
Terence is severely wounded.
Terence hits you with a +0 hand axe.
You are too injured to fight recklessly!
You are too injured to fight recklessly!
It was a potion of mutation.
You feel extremely strange.
You feel a hidden malignance growing inside you.
You feel clumsy. A pair of antennae grows on your head!
Terence hits you with a +0 hand axe.
* * * LOW HITPOINT WARNING * * *
It was a potion of curing.
You feel better. Terence hits you with a +0 hand axe.
You shoot an arrow.
The arrow hits Terence but does no damage.
Terence is severely wounded.
Terence barely misses you.
You shoot an arrow. The arrow completely misses Terence.
Terence hits you with a +0 hand axe.
* * * LOW HITPOINT WARNING * * *
Terence hits you with a +0 hand axe!
You die...

.#.......
.#....#.#.##.........
..#....
#.........#.........
#...#...............
#..........#.<......
#..##.####.#........
#..##.#. #.#........
#....... #.#........
#..##.## #.# ####
#.#@.... #.# #.@...##
#.# #...### #.# #.###
#.# #. #.# #.# #.#
### #.# #.. #.# #.#


You could see Terence.

Vanquished Creatures
  An adder (D:2)
  2 dart slugs
  6 ball pythons
  4 giant cockroaches
  5 goblins
  3 hobgoblins
  6 jackals
  3 kobolds (D:2)
  3 quokkas
  6 bats
  2 frilled lizards
  3 rats
44 creatures vanquished.

Vanquished Creatures (others)
  3 fungi (D:1)
  4 plants (D:1)
7 creatures vanquished.

Grand Total: 51 creatures vanquished

Notes
Turn   | Place    | Note
-------+----------+-------------------------------------------
     0 | D:1      | Newt the Kobold Hunter began the quest for the Orb.
     0 | D:1      | Reached XP level 1. HP: 12/12 MP: 1/1
   132 | D:1      | Reached XP level 2. HP: 18/18 MP: 2/2
   419 | D:1      | Reached XP level 3. HP: 23/23 MP: 3/3
   422 | D:1      | Found a faded altar of an unknown god.
   896 | D:2      | Reached XP level 4. HP: 30/30 MP: 4/4
  1551 | D:3      | Noticed Terence
  1563 | D:3      | Gained mutation: You have hidden genetic defects. [potion
                  | of mutation]
  1563 | D:3      | Gained mutation: You are clumsy. (Dex -2) [potion of
                  | mutation]
  1563 | D:3      | Gained mutation: You have a pair of small antennae on your
                  | head. [potion of mutation]
  1566 | D:3      | Slain by Terence

Illustrated notes

Levels and vault maps discovered:
D:1:      lightli_arrival_statuegarden, layout_rooms,
          shapermc_ecumenical_altar_mp_urbaneastern,
          minmay_misc_feat_secret_circle, serial_bayou_lake_a
D:2:      layout_rooms
D:3:      layout_basic, uniq_grinder, uniq_terence

Skill      XL: |  1  2  3 |
---------------+----------+-----
Fighting       | 3 4 |  4.7
Ranged Weapons | |  5.3
Dodging        | |  2.4
Stealth        | |  1.3

Action                     |  1- 3 |  4- 6 || total
---------------------------+-------+-------++-------
   Fire: Shortbow          |    84 |    36 ||   120
    Use: Scroll            |     4 |       ||     4
         Potion            |       |     2 ||     2
 Armour: Leather armour    |    16 |     3 ||    19
  Dodge: Dodged            |    56 |    20 ||    76

Table legend: (Time is in decaauts)
 A = Elapsed time spent in this place.
 B = Non-inter-level travel time spent in this place.
 C = Inter-level travel time spent in this place.
 D = Time resting spent in this place.
 E = Time spent auto-exploring this place.
 F = Levels seen in this place.
 G = Mean time per level.
                   A        B        C        D        E       F      G
               +--------+--------+--------+--------+--------+-----+--------+
         Total |   1623 |   1584 |     39 |     85 |   1268 |   3 |  541.0 |
       Dungeon |   1623 |   1584 |     39 |     85 |   1268 |   3 |  541.0 |
               +--------+--------+--------+--------+--------+-----+--------+

Top non-repeatable levels by time:
     D:1: 686 daAuts
     D:2: 606 daAuts
     D:3: 330 daAuts
